[Event "LEM Niedersachsen-A-Open 2025"]
[Site "Verden"]
[Date "2025.01.02"]
[Round "1.20"]
[White "Muecke, Leonard"]
[Black "Amrhein, Thorsten"]
[Result "1/2-1/2"]
[ECO "C42"]
[WhiteElo "1853"]
[BlackElo "1979"]
[Annotator "RC"]
[PlyCount "31"]
[EventDate "2024.12.27"]
[EventType "swiss"]
[EventCountry "GER"]
[SourceTitle "playchess.com"]
[Source "ChessBase"]
[SourceQuality "1"]
[TimeControl "40/5400+30:1800+30"]

1. e4 e5 2. Nf3 Nf6 3. Nxe5 Nxe4 4. Qe2 Qe7 5. Qxe4 d6 6. g3 Qxe5 7. Qxe5+ dxe5 8. Bg2 Bd6 9. O-O O-O 10. d3 Nc6 11. Bxc6 bxc6 12. Nd2 Be6 13. Nc4 Rab8 14. b3 f6 15. Nxd6 cxd6 16. f4 1/2-1/2

[Event "LEM Niedersachsen-A-Open 2025"]
[Site "Verden"]
[Date "2025.01.02"]
[Round "1.21"]
[White "Rieping, Lea"]
[Black "Vormann, Dirk"]
[Result "0-1"]
[ECO "C28"]
[WhiteElo "1973"]
[BlackElo "1860"]
[Annotator "RC"]
[PlyCount "76"]
[EventDate "2024.12.27"]
[EventType "swiss"]
[EventCountry "GER"]
[SourceTitle "playchess.com"]
[Source "ChessBase"]
[SourceQuality "1"]
[TimeControl "40/5400+30:1800+30"]

1. e4 e5 2. Bc4 Nc6 3. d3 Nf6 4. Nc3 Be7 5. f4 d6 6. f5 Na5 7. Nf3 Nxc4 8. dxc4 b6 9. Qd3 Bb7 10. Nd5 Qd7 11. Bg5 Nxd5 12. cxd5 Bxg5 13. Nxg5 h6 14. Nf3 a5 15. O-O O-O 16. g4 Ba6 17. c4 b5 18. b3 bxc4 19. bxc4 Qa4 20. Nd2 Rfb8 21. f6 g6 22. Qh3 Kh7 23. Nf3 Rh8 24. Rfc1 Bc8 25. Qg3 Rb8 26. Nd2 Rb2 27. Nb3 Ba6 28. Qc3 Rxa2 29. Rxa2 Qxa2 30. Qxa5 Qxb3 31. Qxc7 Qe3+ 32. Kg2 Qxe4+ 33. Kf1 Qh1+ 34. Ke2 Qxh2+ 35. Kd1 Qg1+ 36. Kc2 Qf2+ 37. Kb3 Qxf6 38. Ra1 Rc8 0-1

[Event "LEM Niedersachsen-A-Open 2025"]
[Site "Verden"]
[Date "2025.01.02"]
[Round "1.23"]
[White "Ludwig, Bernard"]
[Black "Direk, Oguzhan"]
[Result "0-1"]
[ECO "D31"]
[WhiteElo "1962"]
[BlackElo "1838"]
[Annotator "RC"]
[PlyCount "62"]
[EventDate "2024.12.27"]
[EventType "swiss"]
[EventCountry "GER"]
[SourceTitle "playchess.com"]
[Source "ChessBase"]
[SourceQuality "1"]
[TimeControl "40/5400+30:1800+30"]

1. Nf3 d5 2. d4 c6 3. c4 e6 4. Nc3 dxc4 5. a4 Bb4 6. e3 b5 7. Bd2 a5 8. axb5 Bxc3 9. Bxc3 cxb5 10. b3 Bb7 11. bxc4 b4 12. Bd2 Nf6 13. c5 O-O 14. Bb5 Bc6 15. Qa4 Qd7 16. Ne5 Bxb5 17. Nxd7 Bxa4 18. Nxf6+ gxf6 19. Rxa4 Nc6 20. Ke2 Rfd8 21. Rha1 Rab8 22. f3 e5 23. dxe5 fxe5 24. Be1 Rb5 25. Rc1 Rd5 26. Rc4 b3 27. Ra1 Rdxc5 28. Rg4+ Kf8 29. Rb1 Rc2+ 30. Kd3 Rd5+ 31. Ke4 Ne7 0-1

[Event "LEM Niedersachsen-A-Open 2025"]
[Site "Verden"]
[Date "2025.01.02"]
[Round "1.24"]
[White "Schramm, Kilian"]
[Black "Boerma, Daniel"]
[Result "1/2-1/2"]
[ECO "C01"]
[WhiteElo "1834"]
[BlackElo "1958"]
[Annotator "RC"]
[PlyCount "58"]
[EventDate "2024.12.27"]
[EventType "swiss"]
[EventCountry "GER"]
[SourceTitle "playchess.com"]
[Source "ChessBase"]
[SourceQuality "1"]
[TimeControl "40/5400+30:1800+30"]

1. e4 e6 2. d4 d5 3. Bd3 c5 4. c3 dxe4 5. Bxe4 cxd4 6. cxd4 Nf6 7. Bf3 Be7 8. Nc3 O-O 9. Nge2 Qb6 10. O-O Rd8 11. Qc2 Nc6 12. Be3 Nb4 13. Qb3 Nbd5 14. Nxd5 Nxd5 15. Bxd5 exd5 16. Qxb6 axb6 17. Bf4 b5 18. Rfe1 Be6 19. Nc3 Bb4 20. Rec1 Bxc3 21. Rxc3 Rdc8 22. Rxc8+ Rxc8 23. Rc1 Rc4 24. Rxc4 dxc4 25. Kf1 Kf8 26. Ke1 Ke7 27. Kd2 Kd7 28. Kc3 Kc6 29. f3 h5 1/2-1/2

[Event "LEM Niedersachsen-A-Open 2025"]
[Site "Verden"]
[Date "2025.01.02"]
[Round "1.25"]
[White "Belakhin, Alexander"]
[Black "Kiesel, Lara"]
[Result "1-0"]
[ECO "E24"]
[WhiteElo "1945"]
[BlackElo "1825"]
[Annotator "NA RC"]
[PlyCount "83"]
[EventDate "2024.12.27"]
[EventType "swiss"]
[EventCountry "GER"]
[SourceTitle "playchess.com"]
[Source "ChessBase"]
[SourceQuality "1"]
[TimeControl "40/5400+30:1800+30"]

1. d4 Nf6 2. c4 e6 3. Nc3 Bb4 4. a3 Bxc3+ 5. bxc3 b6 6. f3 Nc6 {[%emt 0:02:37] E24: Nimzo-Indian: Sämisch: Unusual Black 5th moves and 5...c5 sidelines.} 7. e4 Na5 8. Bd3 Ba6 9. e5 Ng8 10. Qe2 Ne7 11. Bg5 h6 12. Bh4 d6 13. f4 c5 (13... d5 $11) 14. Nf3 Bb7 (14... dxe5 $16 15. Nxe5 O-O) 15. O-O (15. d5 $18) 15... O-O 16. Rad1 Qc7 {[%emt 0:01:43] [#]} 17. Nd2 ({White should play} 17. d5 $1 $16 Nf5 18. dxe6 Bxf3 19. Rxf3 fxe6 (19... Nxh4 $2 {perishes.} 20. exd6 Qd8 21. Re3 $18) 20. Bxf5 Rxf5 21. g4 (21. exd6 Qd7 $18) (21. Rxd6 Qf7 $16)) 17... Rac8 18. Bxe7 Qxe7 19. Ne4 $1 Bxe4 20. Qxe4 g6 21. d5 exd5 22. cxd5 c4 23. Bc2 Rce8 24. Ba4 Rd8 25. e6 f5 $16 26. Qd4 Kh7 27. Rf3 Rc8 28. Bd7 Rc7 29. Rb1 Nb3 30. Qd1 Na5 31. Rb4 Rc5 32. Rb5 Rxb5 33. Bxb5 Rc8 34. h3 h5 35. Ba4 h4 36. Bc2 Rc5 37. g4 hxg3 38. Rxg3 Rc8 39. Bxf5 Rg8 40. Qh5+ Kg7 41. Qxg6+ Kf8 42. Qxg8# 1-0

[Event "LEM Niedersachsen-A-Open 2025"]
[Site "Verden"]
[Date "2025.01.02"]
[Round "1.27"]
[White "Lebiedz, Oliver"]
[Black "Bundan, Edward"]
[Result "0-1"]
[ECO "B22"]
[WhiteElo "1939"]
[BlackElo "1822"]
[Annotator "NA RC"]
[PlyCount "77"]
[EventDate "2024.12.27"]
[EventType "swiss"]
[EventCountry "GER"]
[SourceTitle "playchess.com"]
[Source "ChessBase"]
[SourceQuality "1"]
[TimeControl "40/5400+30:1800+30"]

1. e4 c5 2. c3 Nf6 3. e5 Nd5 4. Bc4 Nb6 5. Bb3 c4 6. Bc2 Nc6 7. Nf3 g6 8. a4 {[%emt 0:05:07] B22: Sicilian: 2 c3.} a5 9. O-O Bg7 10. Re1 O-O 11. Na3 d5 12. exd6 Qxd6 13. Re4 (13. h3 $14) 13... Be6 (13... Qd5 {might be stronger.}) 14. Nb5 Qd7 15. d4 (15. Rxe6 $11 fxe6 (15... Qxe6 16. Nc7 $14) 16. Qe2) 15... cxd3 16. Qxd3 Qxd3 17. Bxd3 Bf5 18. Re3 Nd5 19. Bxf5 Nxe3 20. Be4 Nc4 21. Bg5 (21. Bd5 $17 Nb6 22. Bb3) 21... Bf6 22. Bf4 e5 23. Bh6 Rfd8 24. h4 Nd6 25. Bc2 Nxb5 26. axb5 Ne7 27. Re1 Rd5 ({Black should try} 27... Nf5 $19 28. Bc1 Nd6 (28... Nxh4 $2 29. Nxh4 Bxh4 30. g3 $19)) 28. c4 Rc5 29. Nd2 Bg7 30. Bg5 Nf5 31. Be4 h6 32. Be3 Nxe3 33. Rxe3 Rc7 $17 34. Bd5 Kh7 35. Ne4 Bf8 36. b6 Re7 37. Nd6 Rd8 38. Nb5 Red7 39. Rxe5 0-1

[Event "LEM Niedersachsen-A-Open 2025"]
[Site "Verden"]
[Date "2025.01.02"]
[Round "1.28"]
[White "Lieb, Max"]
[Black "Nolting, Dennis"]
[Result "1-0"]
[ECO "A58"]
[WhiteElo "1791"]
[BlackElo "1937"]
[Annotator "NA RC"]
[PlyCount "143"]
[EventDate "2024.12.27"]
[EventType "swiss"]
[EventCountry "GER"]
[SourceTitle "playchess.com"]
[Source "ChessBase"]
[SourceQuality "1"]
[TimeControl "40/5400+30:1800+30"]

1. d4 Nf6 2. c4 c5 3. d5 b5 4. cxb5 a6 5. bxa6 g6 6. Nc3 {[%emt 0:00:17] A58: Benko/Volga Gambit: Lines with 5 bxa6.} Bg7 7. e4 O-O 8. Nf3 Qa5 9. Bd2 Bxa6 10. Bxa6 Qxa6 11. Qe2 Qxe2+ 12. Kxe2 d6 13. Rhe1 Nbd7 14. Kf1 Rfb8 15. b3 Ng4 16. h3 Nge5 17. Nxe5 Nxe5 18. f4 Nd3 19. Reb1 {[%emt 0:01:34] [#]} Nxf4 $1 20. Be1 Nd3 21. Bd2 Nb4 22. a4 Nc2 23. Ra2 Nd4 24. Rab2 e6 25. b4 cxb4 26. Rxb4 Rc8 27. Nb5 Nxb5 28. axb5 Rab8 (28... Rc7 $16 {is a better defense.} 29. b6 Rb7) 29. b6 Rb7 30. Ra4 Rcb8 31. Be3 Bf6 32. Ke2 Kf8 33. Ra7 Bd8 34. Rc1 Rxb6 (34... Bxb6 35. Rxb7 Rxb7 36. Rb1 exd5 37. Rxb6 (37. exd5 $16 Bxe3 38. Rxb7 Bg5 $18) 37... Rxb6 38. Bxb6 $18) (34... exd5 $142 35. exd5 Rxb6) 35. Bxb6 Bxb6 36. Ra6 Bc5 37. e5 Rb2+ 38. Kf3 Rb3+ 39. Ke2 Rb2+ 40. Kd3 Rb3+ 41. Kc2 Rb7 42. exd6 Rd7 43. dxe6 Rxd6 44. Rxd6 Bxd6 45. Rf1 f6 46. Rxf6+ Ke7 47. Rf7+ Kxe6 48. Rxh7 Kf6 49. Kd3 Kf5 50. Ra7 g5 51. Ra5+ Kf4 52. Ra4+ Kf5 53. Ke3 Bf4+ 54. Kf3 Bc7 55. Rb4 Bd8 56. Rb5+ Kf6 57. Kg4 Kg6 58. Rc5 Be7 59. Rc6+ Bf6 60. Rxf6+ Kxf6 61. h4 Kg6 62. h5+ Kh6 63. g3 Kh7 64. Kxg5 Kg7 65. h6+ Kh7 66. g4 Kh8 67. Kf6 Kg8 68. g5 Kh8 69. g6 Kg8 70. h7+ Kh8 71. g7+ Kxh7 72. Kf7 1-0

[Event "LEM Niedersachsen-A-Open 2025"]
[Site "Verden"]
[Date "2025.01.02"]
[Round "1.29"]
[White "Scheffner, Jarno"]
[Black "Beckmann, Jonathan"]
[Result "1-0"]
[ECO "B94"]
[WhiteElo "1925"]
[BlackElo "1812"]
[Annotator "RC"]
[PlyCount "125"]
[EventDate "2024.12.27"]
[EventType "swiss"]
[EventCountry "GER"]
[SourceTitle "playchess.com"]
[Source "ChessBase"]
[SourceQuality "1"]
[TimeControl "40/5400+30:1800+30"]

1. e4 c5 2. Nf3 d6 3. d4 cxd4 4. Nxd4 Nf6 5. Nc3 a6 6. Bg5 Nbd7 7. Qe2 e6 8. h4 Be7 9. O-O-O Qc7 10. g4 b5 11. a3 Bb7 12. Rh3 h6 13. Bd2 d5 14. g5 hxg5 15. hxg5 Rxh3 16. Bxh3 Nxe4 17. Bxe6 O-O-O 18. Nxd5 Bxd5 19. Bxd5 Nxd2 20. Qxe7 Nc4 21. Nc6 Rh8 22. Qxf7 Rf8 23. Qxg7 Rxf2 24. Be6 Ncb6 25. Qc3 Kb7 26. Na5+ Kb8 27. Bxd7 Nxd7 28. Rxd7 Qxd7 29. Qg3+ Qc7 30. Qxf2 Qxa5 31. Qf8+ Kb7 32. Qe7+ Kb8 33. g6 Qb6 34. g7 Qg1+ 35. Kd2 Qg2+ 36. Kd3 Qg3+ 37. Kd4 Qg4+ 38. Ke5 Qe2+ 39. Kf6 Qf2+ 40. Ke6 Qe2+ 41. Kd7 Qg4+ 42. Kc6 Qc4+ 43. Kb6 Qd4+ 44. Kxa6 Qa4+ 45. Kb6 Qd4+ 46. Kxb5 Qxb2+ 47. Ka4 Qxc2+ 48. Ka5 Qf5+ 49. Kb4 Qf4+ 50. Kc5 Qf5+ 51. Kd6 Qd3+ 52. Ke6 Qb3+ 53. Kf6 Qf3+ 54. Kg6 Qd3+ 55. Kf7 Qc4+ 56. Qe6 Qc7+ 57. Kg8 Qd8+ 58. Kh7 Qh4+ 59. Qh6 Qe4+ 60. Kh8 Qe5 61. a4 Ka8 62. Qa6+ Kb8 63. Qb5+ 1-0

[Event "LEM Niedersachsen-A-Open 2025"]
[Site "Verden"]
[Date "2025.01.02"]
[Round "1.30"]
[White "Holtwessels, Jan"]
[Black "Gottschalk, Siegfried"]
[Result "0-1"]
[ECO "C15"]
[WhiteElo "1812"]
[BlackElo "1936"]
[Annotator "NA RC"]
[PlyCount "80"]
[EventDate "2024.12.27"]
[EventType "swiss"]
[EventCountry "GER"]
[SourceTitle "playchess.com"]
[Source "ChessBase"]
[SourceQuality "1"]
[TimeControl "40/5400+30:1800+30"]

1. e4 e6 2. d4 d5 3. Nc3 Bb4 4. Nge2 Nc6 5. a3 Ba5 6. e5 Nge7 {[%emt 0:12:30] C15: French: 3 Nc3 Bb4: Unusual White 4th moves.} 7. b4 Bb6 8. Na4 O-O 9. c3 Ng6 10. h4 f6 11. h5 Nh8 12. exf6 Qxf6 13. f4 (13. Nf4 $11) 13... Bd7 (13... Nf7 $15 {should be considered.}) 14. g4 g5 15. Nxb6 axb6 16. Be3 gxf4 17. Bxf4 Qf7 18. Qd2 e5 19. dxe5 Rfe8 $2 (19... Qe7 $16 {was called for.}) 20. Bg2 Be6 21. Rf1 $18 Qg7 22. Bg5 Nf7 23. Bf6 Qh6 24. g5 Qxh5 25. Rh1 Qg6 26. Nf4 Qf5 27. Kd1 Ncxe5 28. Re1 Nc4 29. Qc1 Qg4+ 30. Kc2 Bf5+ 31. Kb3 Rxe1 32. Qxe1 Qxf4 33. Bxd5 Ne3 34. Qh1 Nxd5 35. Qxd5 Qe4 36. Qd2 Qe6+ 37. Kb2 Re8 38. Qf4 Qe2+ 39. Kb3 Bc2+ 40. Kb2 Ba4+ 0-1

[Event "LEM Niedersachsen-A-Open 2025"]
[Site "Verden"]
[Date "2025.01.02"]
[Round "1.31"]
[White "Thomas, Jeremy"]
[Black "Schulze, Tim"]
[Result "1-0"]
[ECO "B15"]
[WhiteElo "1935"]
[BlackElo "1804"]
[Annotator "RC"]
[PlyCount "65"]
[EventDate "2024.12.27"]
[EventType "swiss"]
[EventCountry "GER"]
[SourceTitle "playchess.com"]
[Source "ChessBase"]
[SourceQuality "1"]
[TimeControl "40/5400+30:1800+30"]

1. e4 c6 2. d4 d5 3. Nd2 dxe4 4. Nxe4 Nf6 5. Nxf6+ exf6 6. c3 Bd6 7. Bd3 O-O 8. Qc2 Re8+ 9. Ne2 h5 10. O-O h4 11. h3 Nd7 12. Be3 Nf8 13. Qd2 Be6 14. Bf4 c5 15. Bxd6 Qxd6 16. dxc5 Qxc5 17. Nd4 Rad8 18. Qf4 Qh5 19. Rfe1 Re7 20. Be2 Qg5 21. Qxg5 fxg5 22. Bf3 Red7 23. Re5 f6 24. Nxe6 fxe5 25. Nxd8 Rxd8 26. Bxb7 Ne6 27. Re1 Nc5 28. Bf3 Rd2 29. Rxe5 Nd3 30. Rd5 Kf7 31. c4 Ke6 32. Bg4+ Kf6 33. c5 1-0

[Event "LEM Niedersachsen-A-Open 2025"]
[Site "Verden"]
[Date "2025.01.02"]
[Round "1.32"]
[White "Moeller, Tom"]
[Black "Moeller, Jonas"]
[Result "1/2-1/2"]
[ECO "B13"]
[WhiteElo "1802"]
[BlackElo "1934"]
[Annotator "RC"]
[PlyCount "35"]
[EventDate "2024.12.27"]
[EventType "swiss"]
[EventCountry "GER"]
[SourceTitle "playchess.com"]
[Source "ChessBase"]
[SourceQuality "1"]
[TimeControl "40/5400+30:1800+30"]

1. d4 Nf6 2. Nc3 d5 3. Bf4 c5 4. e3 cxd4 5. exd4 a6 6. Nf3 Nc6 7. Ne5 Qb6 8. Na4 Qa5+ 9. c3 Nxe5 10. dxe5 Bd7 11. exf6 Bxa4 12. Qd4 gxf6 13. Bd3 Bg7 14. O-O O-O 15. Qe3 e5 16. Bh6 Bxh6 17. Qxh6 e4 18. Qxf6 1/2-1/2

[Event "LEM Niedersachsen-A-Open 2025"]
[Site "Verden"]
[Date "2025.01.02"]
[Round "1.33"]
[White "Langer, Michael S."]
[Black "Wilmink, Luca"]
[Result "1-0"]
[ECO "B38"]
[WhiteElo "1933"]
[BlackElo "1792"]
[Annotator "RC"]
[PlyCount "57"]
[EventDate "2024.12.27"]
[EventType "swiss"]
[EventCountry "GER"]
[SourceTitle "playchess.com"]
[Source "ChessBase"]
[SourceQuality "1"]
[TimeControl "40/5400+30:1800+30"]

1. Nf3 g6 2. d4 Nf6 3. c4 c5 4. Nc3 cxd4 5. Nxd4 Bg7 6. e4 d6 7. Be2 Nc6 8. Be3 O-O 9. O-O a6 10. f3 Qb6 11. Na4 Qc7 12. Rc1 Bd7 13. Nxc6 Bxc6 14. Nb6 Rad8 15. Nd5 Bxd5 16. cxd5 Qa5 17. Qb3 b5 18. Rc6 Rc8 19. Rfc1 Rxc6 20. dxc6 Rc8 21. a4 Qxa4 22. Qxa4 bxa4 23. Bxa6 Ne8 24. Bxc8 Bxb2 25. Ba6 a3 26. Bc4 Nc7 27. Rd1 Na8 28. Ba2 Kf8 29. Bd4 1-0

[Event "LEM Niedersachsen-A-Open 2025"]
[Site "Verden"]
[Date "2025.01.02"]
[Round "1.34"]
[White "Krumschmidt, Michael"]
[Black "Soellig, Martin"]
[Result "0-1"]
[ECO "E41"]
[WhiteElo "1787"]
[BlackElo "1930"]
[Annotator "RC"]
[PlyCount "63"]
[EventDate "2024.12.27"]
[EventType "swiss"]
[EventCountry "GER"]
[SourceTitle "playchess.com"]
[Source "ChessBase"]
[SourceQuality "1"]
[TimeControl "40/5400+30:1800+30"]

1. d4 e6 2. c4 Nf6 3. Nc3 Bb4 4. Qc2 c5 5. Nf3 Nc6 6. e3 d6 7. Bd3 e5 8. d5 Ne7 9. O-O Bxc3 10. bxc3 Bg4 11. Nd2 O-O 12. f4 exf4 13. Rxf4 Ng6 14. Rf2 Qe7 15. e4 Ne5 16. Bb2 Bh5 17. Raf1 Nfg4 18. Re2 Nxd3 19. Qxd3 Ne5 20. Qe3 Bxe2 21. Qxe2 Rae8 22. Rf4 Qg5 23. Rf5 Qg4 24. Qe3 g6 25. h3 Qd1+ 26. Rf1 Qc2 27. Bc1 Qd3 28. Qf2 f5 29. Nf3 Nxf3+ 30. gxf3 fxe4 31. f4 Qxh3 32. Re1 0-1

[Event "LEM Niedersachsen-A-Open 2025"]
[Site "Verden"]
[Date "2025.01.02"]
[Round "1.35"]
[White "Ehlert, Horst"]
[Black "Oblender, Rudi"]
[Result "1/2-1/2"]
[ECO "A16"]
[WhiteElo "1929"]
[BlackElo "1779"]
[Annotator "RC"]
[PlyCount "99"]
[EventDate "2024.12.27"]
[EventType "swiss"]
[EventCountry "GER"]
[SourceTitle "playchess.com"]
[Source "ChessBase"]
[SourceQuality "1"]
[TimeControl "40/5400+30:1800+30"]

1. c4 g6 2. g3 Bg7 3. Bg2 d6 4. Nc3 Nf6 5. e3 O-O 6. Nge2 Nbd7 7. O-O Nb6 8. d3 c5 9. Qc2 Qc7 10. Rb1 Bd7 11. e4 a6 12. h3 e6 13. Be3 Nc8 14. f4 Bc6 15. b3 Ne7 16. Rfc1 Nd7 17. Kh2 f5 18. d4 fxe4 19. dxc5 dxc5 20. Nxe4 b6 21. Rf1 Nf5 22. Bg1 e5 23. Rbd1 Rae8 24. Qd3 Re6 25. Ng5 Rd6 26. Bd5+ Bxd5 27. cxd5 Qb7 28. Ne4 Rff6 29. Nxd6 Rxd6 30. Nc3 exf4 31. gxf4 Bxc3 32. Qxc3 Rxd5 33. Rxd5 Qxd5 34. Qc4 Qxc4 35. bxc4 Kf7 36. Kg2 Nd6 37. Rc1 Nf6 38. Kf3 Ke6 39. Bf2 Kf5 40. Bh4 Nfe4 41. Ke3 b5 42. cxb5 axb5 43. Be7 Nc4+ 44. Rxc4 bxc4 45. a4 c3 46. Kd3 Ke6 47. Bh4 Kd5 48. Be1 c4+ 49. Kc2 Nc5 50. a5 1/2-1/2

[Event "LEM Niedersachsen-A-Open 2025"]
[Site "Verden"]
[Date "2025.01.02"]
[Round "1.36"]
[White "Klages, Jonas"]
[Black "Boehnke, Marc"]
[Result "1/2-1/2"]
[ECO "B90"]
[WhiteElo "1776"]
[BlackElo "1927"]
[Annotator "RC"]
[PlyCount "76"]
[EventDate "2024.12.27"]
[EventType "swiss"]
[EventCountry "GER"]
[SourceTitle "playchess.com"]
[Source "ChessBase"]
[SourceQuality "1"]
[TimeControl "40/5400+30:1800+30"]

1. e4 c5 2. Nf3 d6 3. d4 cxd4 4. Nxd4 Nf6 5. Nc3 a6 6. f3 e5 7. Nb3 Be6 8. Bg5 Be7 9. Qd2 Nbd7 10. Be2 b5 11. Rd1 O-O 12. O-O Nb6 13. Na5 Rc8 14. Bxf6 gxf6 15. Nd5 Nxd5 16. exd5 Bxd5 17. Qxd5 Qxa5 18. Bd3 Qb4 19. Kh1 Qf4 20. Qb7 Rfe8 21. Qxa6 b4 22. Qb7 Rb8 23. Qd7 Bf8 24. Rfe1 Red8 25. Qh3 Qh6 26. Re4 Qxh3 27. gxh3 Bg7 28. Rg1 Kf8 29. Reg4 Bh6 30. Rg8+ Ke7 31. Rxd8 Rxd8 32. Bxh7 Rh8 33. Bf5 Be3 34. Rd1 Ra8 35. Rd3 Bc5 36. a3 bxa3 37. bxa3 Rg8 38. Rd1 Bxa3 1/2-1/2